 Seeded DCSS version 0.28-a0-664-gc179e30c89 (webtiles) character file.

Game seed: 1962 (custom seed)

388 dracfodder the Cudgeller (level 6, -3/58 HPs)
             Began as a Gargoyle Berserker on Oct 16, 2021.
             Was a Believer of Trog.
             Slain by a gnoll (4 damage)
             ... on level 4 of the Dungeon.
             The game lasted 00:08:19 (3352 turns).

dracfodder the Cudgeller (Gargoyle Berserker)       Turns: 3352, Time: 00:08:21

Health: -3/58      AC:  9    Str: 23    XL:     6   Next: 79%
Magic:  6/6        EV: 12    Int:  7    God:    Trog [**....]
Gold:   134        SH:  0    Dex:  9    Spells: 5/5 levels left

rFire   . . .      SeeInvis .   a - +2 mace
rCold   . . .      Faith    .   (no shield)
rNeg    + . .      Spirit   .   r - +2 leather armour
rPois   ∞          Reflect  .   (no helmet)
rElec   +          Harm     .   (no cloak)
rCorr   .          Rampage  .   (no gloves)
Will    ++...                   (no boots)
Stlth   ..........              (no amulet)
HPRegen 1.19/turn               (no ring)
MPRegen 0.10/turn               (no ring)

@: berserking, strong-willed, regenerating, very quick
A: sickness immunity, AC +4, negative energy resistance 1, electricity
resistance, torment resistance 1, petrification resistance
a: Renounce Religion, Berserk, Trog's Hand


You were on level 4 of the Dungeon.
You worshipped Trog.
Trog was pleased with you.
You visited 1 branch of the dungeon, and saw 4 of its levels.

You collected 134 gold pieces.

Inventory:

Hand Weapons
 a - a +2 mace (weapon)
Missiles
 c - 38 arrows
 e - 34 bolts
 g - 2 throwing nets
 h - 16 poisoned darts (quivered)
 k - 9 sling bullets
 m - 115 stones
Armour
 r - a +2 leather armour (worn)
Scrolls
 d - a scroll of identify
Potions
 f - a potion of flight
 i - a potion of might {unknown}


   Skills:
 + Level 4.7 Fighting
 + Level 5.4 Maces & Flails
 + Level 0.3 Throwing
 + Level 2.7 Armour
 + Level 2.4 Dodging
 + Level 2.5 Stealth
 + Level 0.1 Unarmed Combat


You had 5 spell levels left.
You didn't know any spells.
Your spell library was empty.

Dungeon Overview and Level Annotations

Branches:
Dungeon (4/15)
 Temple: D:4-7

Altars:


Innate Abilities, Weirdness & Mutations

You are immune to sickness and miasma.
Your stone body is resilient. (AC +4)
You are immune to poison.
You resist negative energy. (rN+)
You are resistant to electric shocks. (rElec)
You are resistant to unholy torment.
You are immune to petrification.


Message History

The phantom is moderately damaged.
You bludgeon the phantom!!
You destroy the phantom!
Trog accepts your kill. The gnoll barely misses you.
The gnoll hits you from afar with a +0 spear.
You feel a strong urge to attack something.
You bludgeon the gnoll!!
You kill the gnoll!
Trog accepts your kill. The gnoll hits you with a +0 spear.
You hit the gnoll.
The gnoll is moderately wounded.
The gnoll hits you with a +0 spear. The gnoll hits you with a +0 flail.
The orc priest invokes the aid of Beogh against you.
Beogh smites you!
* * * LOW HITPOINT WARNING * * *
You bludgeon the gnoll!!
You feel the power of Trog in you as your rage grows.
You kill the gnoll!
Trog accepts your kill. The gnoll barely misses you.
You sock the adder skeleton!
You destroy the adder skeleton!
Trog accepts your kill.
The orc priest miscasts a cantrip.
The gnoll closely misses you.
You barely miss the phantom. The gnoll misses you.
Unknown command.
You sock the phantom!
The phantom is moderately damaged.
The phantom closely misses you. The gnoll closely misses you.
The gnoll hits you but does no damage.
You completely miss the phantom.
The phantom is moderately damaged.
An orc comes into view. It is wielding a +0 club.
The phantom hits you!
* * * LOW HITPOINT WARNING * * *
The gnoll hits you from afar with a +2 halberd of freezing.
You die...

.#.......# #.....#
........# #o.$..# .
#.>....####.....#
#.#
#......##.....###
...##..g.g.##..!o)#
.......g..##o....#
#.....g.go....#
#.<....##Wg...#
#########@....#
#....?# #######


You could see a phantom, an orc priest, 2 gnolls and 3 orcs.

Vanquished Creatures
  An ogre (D:3)
  A phantom (D:4)
  Natasha (thrice) (D:3)
  4 adders
  5 gnolls
  An adder skeleton (D:4)
  2 worms
  2 dart slugs (D:2)
  2 orcs (D:3)
  4 ball pythons
  6 endoplasms
  3 giant cockroaches
  6 hobgoblins
  4 quokkas
  3 bats
  2 frilled lizards
  9 goblins
  6 kobolds
  2 rats
66 creatures vanquished.

Notes
Turn   | Place    | Note
-------+----------+-------------------------------------------
     0 | D:1      | dracfodder the Gargoyle Berserker began the quest for the
                  | Orb.
     0 | D:1      | Reached XP level 1. HP: 14/14 MP: 1/1
    44 | D:1      | Found a faded altar of an unknown god.
   409 | D:1      | Reached XP level 2. HP: 19/19 MP: 2/2
  1395 | D:2      | Reached XP level 3. HP: 24/24 MP: 3/3
  1598 | D:2      | Reached ** piety under Trog
  2315 | D:3      | Reached XP level 4. HP: 29/29 MP: 4/4
  2433 | D:3      | Noticed an ogre
  2440 | D:3      | Killed an ogre
  2441 | D:3      | Reached skill level 4 in Maces & Flails
  2441 | D:3      | Reached skill level 1 in Stealth
  2441 | D:3      | Reached XP level 5. HP: 33/33 MP: 5/5
  2658 | D:3      | Noticed Natasha
  2666 | D:3      | Killed Natasha
  2926 | D:3      | Noticed Natasha
  2944 | D:3      | Killed Natasha
  2945 | D:3      | Reached XP level 6. HP: 30/39 MP: 6/6
  3055 | D:3      | Noticed Natasha
  3063 | D:3      | Killed Natasha
  3163 | D:3      | Reached skill level 5 in Maces & Flails
  3352 | D:4      | HP: 1/58 [phantom (7)]
  3352 | D:4      | Slain by a gnoll

Illustrated notes

Levels and vault maps discovered:
D:1:      eino_arrival_water_cross, layout_basic,
          chequers_ecumenical_altar_simple
D:2:      layout_basic
D:3:      layout_basic, uniq_natasha
D:4:      layout_rooms, mainiacjoe_overflow_concentric_impassable

Skill      XL: |  1  2  3  4  5  6 |
---------------+-------------------+-----
Fighting       | 4 |  4.7
Maces & Flails | 4 5 |  5.4
Dodging        | 2 |  2.4
Stealth        | 1 2 |  2.5
Throwing       | |  0.3
Armour         | |  2.7
Unarmed Combat | |  0.1

Action                   |  1- 3 |  4- 6 || total
-------------------------+-------+-------++-------
Melee: Mace              |   105 |    88 ||   193
       Unarmed           |       |     4 ||     4
Throw: Dart              |       |     7 ||     7
Invok: Berserk           |       |     3 ||     3
       Trog's Hand       |       |     2 ||     2
  Use: Scroll            |       |     6 ||     6
       Potion            |       |     5 ||     5
 Stab: Sleeping          |     3 |     1 ||     4
Armor: Animal skin       |    30 |     3 ||    33
       Leather armour    |       |    32 ||    32
Dodge: Dodged            |    78 |    58 ||   136

Table legend: (Time is in decaauts)
 A = Elapsed time spent in this place.
 B = Non-inter-level travel time spent in this place.
 C = Inter-level travel time spent in this place.
 D = Time resting spent in this place.
 E = Time spent auto-exploring this place.
 F = Levels seen in this place.
 G = Mean time per level.
                   A        B        C        D        E       F      G
               +--------+--------+--------+--------+--------+-----+--------+
         Total |   3411 |   3281 |    130 |    431 |   2214 |   4 |  852.8 |
       Dungeon |   3411 |   3281 |    130 |    431 |   2214 |   4 |  852.8 |
               +--------+--------+--------+--------+--------+-----+--------+

Top non-repeatable levels by time:
     D:1: 1170 daAuts
     D:2: 1113 daAuts
     D:3: 1104 daAuts
     D:4: 22 daAuts
